 Dungeon Crawl Stone Soup version 0.31-a0-1549-g5ff9445e89 (webtiles) character file.

Game seed: 3647792400911772407

581 jasper the Agent of Entropy (level 7, -1/21 (66) HPs)
             Began as a Troll Brigand on Jan 2, 2024.
             Was a Priest of Lugonu.
             Slain by a kobold brigand
             ... wielding a +1 whip of draining
              (8 damage)
             ... in a sewer.
             The game lasted 00:06:23 (3163 turns).

jasper the Agent of Entropy (Troll Brigand)         Turns: 3163, Time: 00:06:24

HP:   -1/21 (66)    AC:  5    Str: 22    XL:     7   Next: 14%
MP:   9/9           EV:  1    Int:  7    God:    Lugonu [***...]
Gold: 322           SH:  0    Dex: -1 (11) Spells: 6/6 levels left

rFire   . .          .
                       - Unarmed
rCold   . . .        (no shield)
rNeg    . . .        b - +0 robe
rPois   .            (helmet restricted)
rElec   .            c - +0 cloak
rCorr   .            (gloves unavailable)
SInv    .            (boots unavailable)
Will    .....        i - amulet of the acrobat Stlth
                     (no ring)
HPRegen 1.03/turn    (no ring)
MPRegen 0.11/turn

%: acrobat
@: slowed, lost dexterity, extremely drained, very slow
A: large, unfitting armour, claws 3, regeneration 1, shaggy fur 1, tough skin 1
a: Renounce Religion, Depart the Abyss, Banish


You were in a sewer.
You worshipped Lugonu.
Lugonu was most pleased with you.
You visited 1 branch of the dungeon, and saw 4 of its levels.
You also visited: Sewer.

You collected 322 gold pieces.

Inventory:

Missiles
 a - 12 javelins
 d - 27 poisoned darts (quivered)
 e - 3 curare-tipped darts
Armour
 b - a +0 robe (worn)
 c - a +0 cloak (worn)
 p - a scarf of repulsion
Jewellery
 i - an amulet of the acrobat (around neck)
Talismans
 j - a serpent talisman
Wands
 m - a wand of mindburst (22)
 o - a wand of flame (19)
Scrolls
 f - 2 scrolls of fog
 n - a scroll of amnesia
 q - a scroll of noise {unknown}
 r - a scroll of identify
Potions
 g - 4 potions of heal wounds {unknown}
 h - a potion of haste
 l - a potion of curing


   Skills:
 - Level 2.8 Fighting
 - Level 1.5 Short Blades
 - Level 1.7 Throwing
 - Level 0.7 Dodging
 - Level 2.1 Stealth
 - Level 4.0 Unarmed Combat
 + Level 5.0 Invocations


You had 6 spell levels left.
You didn't know any spells.
Your spell library was empty.

Dungeon Overview and Level Annotations

Branches:
Dungeon (4/15)              Sewer (1/1)
 Temple: D:4-7

Altars:
Fedhas
Hepliaklqana
Lugonu

Annotations:
D:4 3 runed translucent doors, bronco's ghost, amateur DsIE


Innate Abilities, Weirdness & Mutations

You are too large for most types of armour.
You have claws for hands.
Your natural rate of healing is unusually fast.
You are covered in fur. (AC +1)
You have tough skin. (AC +1)


Message History

The kobold brigand hits you with a +1 whip of draining.
You feel drained.
You take 5 damage, and have 14/31 hp.
You scratch the kobold brigand but do no damage.
The kobold brigand is severely wounded.
The kobold brigand hits you with a +1 whip of draining.
You feel drained.
You take 1 damage, and have 13/29 hp.
You scratch the kobold brigand.
The kobold brigand is severely wounded.
The kobold brigand hits you with a +1 whip of draining.
You feel drained.
* * * LOW HITPOINT WARNING * * *
You take 5 damage, and have 8/27 hp.
You barely miss the kobold brigand.
The kobold brigand is severely wounded.
The kobold brigand hits you with a +1 whip of draining.
* * * LOW HITPOINT WARNING * * *
You feel drained.
* * * LOW HITPOINT WARNING * * *
The kobold brigand hits you with a +1 whip of draining.
* * * LOW HITPOINT WARNING * * *
You feel drained.
You take 6 damage, and have 2/24 hp.
MASSIVE DAMAGE!!
It was a potion of curing.
You feel better.
The kobold brigand hits you but does no damage.
You feel drained.
You regained 13 hp, and now have 15/23 hp.
You closely miss the kobold brigand.
The kobold brigand is severely wounded.
The kobold brigand hits you with a +1 whip of draining.
You feel drained.
The kobold brigand hits you with a +1 whip of draining!
You feel drained.
* * * LOW HITPOINT WARNING * * *
You take 9 damage, and have 6/21 hp.
MASSIVE DAMAGE!!
You barely miss the kobold brigand.
The kobold brigand is severely wounded.
The kobold brigand hits you with a +1 whip of draining!
You die...

#≈...~###~####
#≈...~##~~)'.~
#~...≈##≈~)#.~
#≈...~##~~.#.~
#≈..)≈##~~.#..
##'''###≈~.#..
#########.....##≈..#..
##~~≈≈≈~#...§..###.####
##!...)@)'.§.....#†..#≈≈
∩!)...K).'..._.§.÷...~≈≈
##!......'.§.....#...#≈≈
##≈≈~≈≈≈#...§..###.####
#########.....##≈~.#..
##+++###≈..#.. #≈~.#.~
#~~.#.~ #≈..#..


You could see a kobold brigand.

Vanquished Creatures
  2 kobold brigands (D:3)
  A scorpion (D:4)
  A bombardier beetle (D:3)
  2 jellies (D:4)
  2 quasits (Sewer)
  Natasha (D:2)
  Robin (D:3)
  5 adders
  A shadow imp (Sewer)
  2 ufetubi (Sewer)
  An adder zombie (Sewer)
  A ribbon worm (D:2)
  4 dart slugs
  5 orcs
  9 ball pythons
  A bat (D:1)
  9 endoplasms
  6 giant cockroaches
  16 goblins
  9 hobgoblins
  30 kobolds
  A quokka (D:1)
  3 frilled lizards
  A giant cockroach zombie (Sewer)
  A kobold zombie (Sewer)
  7 rats
122 creatures vanquished.

Notes
Turn   | Place    | Note
-------+----------+-------------------------------------------
     0 | D:1      | jasper the Troll Brigand began the quest for the Orb.
     0 | D:1      | Reached XP level 1. HP: 19/19 MP: 0/0
    86 | D:1      | Reached skill level 1 in Unarmed Combat
   135 | D:1      | Reached XP level 2. HP: 28/28 MP: 1/1
   332 | D:1      | Reached XP level 3. HP: 35/35 MP: 2/2
   389 | D:1      | Found a faded altar of an unknown god.
   399 | D:1      | Prayed at the altar of an unknown god.
   399 | D:1      | Became a worshipper of Lugonu the Unformed
   399 | D:1      | Reached * piety under Lugonu
  1151 | D:2      | Noticed Natasha
  1155 | D:2      | Killed Natasha
  1156 | D:2      | Reached XP level 4. HP: 38/44 MP: 3/3
  1752 | D:3      | Reached XP level 5. HP: 49/50 MP: 4/4
  1765 | D:3      | Noticed Robin
  1794 | D:3      | Killed Robin
  1945 | D:3      | Reached ** piety under Lugonu
  2218 | D:3      | Reached skill level 2 in Invocations
  2227 | D:3      | Reached skill level 3 in Invocations
  2227 | D:3      | Reached XP level 6. HP: 32/59 MP: 4/7
  2425 | D:4      | Found a runed translucent gate.
  2426 | D:4      | Found a runed translucent gate.
  2429 | D:4      | Found a runed translucent gate.
  2455 | D:4      | Reached skill level 4 in Invocations
  2530 | D:4      | Noticed an ice beast
  2599 | D:4      | Found a hazy altar of Hepliaklqana.
  2606 | D:4      | Found a blossoming altar of Fedhas.
  2622 | D:4      | Noticed bronco's ghost (amateur DsIE)
  2624 | D:4      | Noticed an ice beast
  2703 | D:4      | Identified the +9 whip of the Sky {flame, rC+ rN+}
  2709 | D:4      | Found a glowing drain.
  2733 | Sewer    | Entered a sewer
  2805 | Sewer    | Reached *** piety under Lugonu
  2854 | Sewer    | Found a burning altar of Makhleb.
  2875 | Sewer    | Reached XP level 7. HP: 59/66 MP: 9/9
  2898 | Sewer    | Lost dexterity.
  3144 | Sewer    | Reached skill level 5 in Invocations
  3163 | Sewer    | Slain by a kobold brigand

Illustrated notes

Levels and vault maps discovered:
D:1:      hellmonk_arrival_library, layout_rooms,
          shapermc_ecumenical_altar_flowoftime
D:2:      minmay_angry_zag, layout_loops_corners, uniq_natasha
D:3:      cheibrodos_thug_alley, layout_loops_cross, uniq_robin
D:4:      layout_gridville, mainiacjoe_overflow_divided_tiny,
          portal_sewer_entry_a, gammafunk_ghost_icy
Sewer:    kennysheep_sewer_church

Skill      XL: |  1  2  3  4  5  6  7 |
---------------+----------------------+-----
Unarmed Combat | 1 2 3 4 |  4.0
Fighting       | 2 |  2.8
Invocations    | 3 4 5 |  5.0
Short Blades   | |  1.5
Throwing       | |  1.7
Dodging        | |  0.7
Stealth        | |  2.1

Action                     |  1- 3 |  4- 6 |  7- 9 || total
---------------------------+-------+-------+-------++-------
  Melee: Unarmed           |   101 |   205 |    39 ||   345
         Punch             |       |     7 |       ||     7
  Throw: Dart              |       |     2 |       ||     2
    Use: Scroll            |       |     7 |       ||     7
         Potion            |       |       |     2 ||     2
   Stab: Sleeping          |     5 |     5 |       ||    10
         Distracted        |     1 |       |       ||     1
 Armour: Robe              |    54 |   168 |    66 ||   288
         Skin              |       |       |    32 ||    32
  Dodge: Dodged            |    34 |   135 |    16 ||   185

Table legend: (Time is in decaauts)
 A = Elapsed time spent in this place.
 B = Non-inter-level travel time spent in this place.
 C = Inter-level travel time spent in this place.
 D = Time resting spent in this place.
 E = Time spent auto-exploring this place.
 F = Levels seen in this place.
 G = Mean time per level.
                   A        B        C        D        E       F      G
               +--------+--------+--------+--------+--------+-----+--------+
         Total |   3269 |   3150 |    119 |    311 |   1993 |   5 |  653.8 |
       Dungeon |   2716 |   2597 |    119 |     11 |   1882 |   4 |  679.0 |
         Sewer |    553 |    553 |      0 |    300 |    111 |   1 |  553.0 |
               +--------+--------+--------+--------+--------+-----+--------+

Top non-repeatable levels by time:
     D:2: 848 daAuts
     D:3: 780 daAuts
     D:1: 717 daAuts
   Sewer: 553 daAuts
     D:4: 370 daAuts
